AoeStats
← DippityDang

Oasis

508585389Analyzed
4v4 RM · 10d ago on Sep 23, 2026· 29m 56s· 8 players
Game mode
Random Map
Map size
Large (8 player)
Population
200
Speed
Normal
Resources
Standard
Victory
Conquest
Starting age
Dark Age
Ending age
Imperial Age
RankedLock teamsTeams togetherTeam positionsShared explorationLock speedFull tech treeHidden civsTurbo modeCheats
Victory
Defeat
🇺🇸 Romans · United States
2017
+4
🇧🇷 Khmer · Brazil
2008
+4
🇵🇪 Malians · Peru
1778
+10
🇲🇽 Varangians · Mexico
1775
+9
🇺🇸 Saxons · United States
1770
-10
1719
-8
🇺🇸 Persians · United States
1583
-5
🇨🇳 Poles · China
1552
-4
OS+ | The Wilderness
6:36 Loom
9:13 Feudal Age
9:34 Man-at-Arms
10:51 Double-Bit Axe
12:43 Horse Collar
14:29 Fletching
15:10 Padded Archer Armor
18:01 Wheelbarrow
21:14 Castle Age
19:39 Gold Mining
21:49 Crossbowman
22:26 Bodkin Arrow
22:42 Bow Saw
22:33 Heavy Plow
22:54 Town Watch
23:48 Gold Shaft Mining
26:16 Leather Archer Armor
25:52 Stone Mining
27:09 Ballistics
Zoschenko
6:24 Loom
8:59 Feudal Age
9:41 Double-Bit Axe
10:23 Horse Collar
18:27 Castle Age
17:33 Gold Mining
18:31 Forging
19:46 Bow Saw
19:45 Heavy Plow
20:31 Wheelbarrow
19:54 Light Cavalry
25:36 Hand Cart
29:57 Imperial Age
27:35 Scale Barding Armor
27:59 Bloodlines
28:38 Husbandry
28:50 Stone Mining
CL_lorecs
10:16 Feudal Age
8:50 Loom
21:32 Castle Age
20:02 Fletching
22:35 Crossbowman
23:11 Bodkin Arrow
23:02 Double-Bit Axe
23:50 Town Watch
OnLeKe
6:28 Loom
8:49 Feudal Age
9:20 Double-Bit Axe
15:10 Scale Barding Armor
15:54 Forging
17:54 Wheelbarrow
18:00 Gold Mining
17:53 Horse Collar
20:39 Castle Age
19:28 Bloodlines
21:34 Bow Saw
21:27 Husbandry
24:29 Chain Barding Armor
29:47 Hand Cart
29:20 Town Watch
Jenius
5:56 Loom
13:43 Feudal Age
14:25 Double-Bit Axe
20:47 Castle Age
19:36 Fletching
22:17 Bodkin Arrow
22:23 Scale Mail Armor
24:00 Bow Saw
26:10 Horse Collar
27:39 Ballistics
29:22 Heavy Plow
29:54 Squires
DippityDang
7:25 Loom
11:02 Feudal Age
15:35 Castle Age
14:11 Horse Collar
15:30 Scale Barding Armor
15:51 Double-Bit Axe
18:38 Bow Saw
23:41 Gold Mining
25:03 Bloodlines
种田人口才是基本盘
5:42 Loom
9:18 Feudal Age
10:15 Double-Bit Axe
24:38 Castle Age
VIVIAN
3:03 Loom
10:08 Feudal Age
11:46 Double-Bit Axe
14:34 Wheelbarrow
14:33 Horse Collar
16:23 Scale Barding Armor
19:02 Bloodlines
19:56 Forging
25:02 Castle Age
23:14 Stone Mining
25:08 Light Cavalry
26:10 Chain Barding Armor
25:54 Heavy Plow
28:17 Husbandry
Connection lost

Rejoining the realm…

Still unreachable

The connection could not be restored.

Session expired

The server has moved on; the page needs a fresh start.